 Dungeon Crawl Stone Soup version 0.29.1-2-gbd0b4ee654 (webtiles) character file.

Game seed: 3233349191549816966

4260 RUZZLEFAZAZZLE the Blocker (level 10, -11/82 HPs)
             Began as a Gnoll Fighter on Nov 27, 2022.
             Was a Priest of Okawaru.
             Mangled by Joseph
             ... wielding a +3 vorpal quarterstaff
              (13 damage)
             ... on level 7 of the Dungeon.
             The game lasted 00:38:33 (10293 turns).

RUZZLEFAZAZZLE the Blocker (Gnoll Fighter)         Turns: 10293, Time: 00:38:34

Health: -11/82     AC: 20    Str: 24    XL:     10   Next: 31%
Magic:  18/18      EV: 12    Int:  6    God:    Okawaru [***...]
Gold:   541        SH:  6    Dex: 11    Spells: 19/19 levels left

rFire   + . .      SeeInvis .   d - +0 hand axe
rCold   . . .      Faith    .   c - +0 buckler
rNeg    . . .      Spirit   .   G - +0 plate armour
rPois   .          Reflect  .   (helmet restricted)
rElec   .          Harm     .   r - +2 cloak
rCorr   .          Rampage  .   j - +0 pair of gloves
Will    .....                   t - +0 pair of boots
Stlth   ..........              (no amulet)
HPRegen 0.23/turn               y - +4 ring of evasion
MPRegen 0.16/turn               u - ring of protection from fire

@: mighty, about to teleport, unable to drink
A: fangs 1, strong nose, distributed training, hooves 1, horns 1, strong 1,
inability to drink after injury 1
a: Renounce Religion, Heroism


You were on level 7 of the Dungeon.
You worshipped Okawaru.
Okawaru was most pleased with you.
You visited 2 branches of the dungeon, and saw 9 of its levels.
You also visited: Sewer and Ossuary.

You collected 541 gold pieces.

Inventory:

Hand Weapons
 a - a +0 war axe
 d - a +0 hand axe (weapon)
 e - a +2 quarterstaff of speed
 f - a +1 vorpal spear
 q - a +4 quarterstaff of chaos
 s - a +0 hammer
Missiles
 B - 3 javelins (quivered)
Armour
 c - a +0 buckler (worn)
 g - a +0 helmet
 j - a +0 pair of gloves (worn)
 r - a +2 cloak (worn)
 t - a +0 pair of boots (worn)
 G - a +0 plate armour (worn)
Jewellery
 p - a ring of wizardry
 u - a ring of protection from fire (right hand)
 y - a +4 ring of evasion (left hand)
Wands
 i - a wand of paralysis (11)
 l - a wand of iceblast (7)
 x - a wand of flame (15)
Scrolls
 m - 2 scrolls of magic mapping
 n - a scroll of fear {unknown}
 w - a scroll of amnesia
Potions
 b - 2 potions of haste
 h - a potion of flight
 k - a potion of heal wounds
 v - a potion of magic
 z - a potion of brilliance
 D - 2 potions of attraction
 F - 2 potions of cancellation


   Skills:
 + Level 8.5 Fighting
 + Level 5.3 Short Blades
 + Level 5.3 Long Blades
 + Level 7.1 Axes
 + Level 5.3 Maces & Flails
 + Level 5.3 Polearms
 + Level 5.3 Staves
 + Level 5.3 Ranged Weapons
 + Level 5.3 Throwing
 + Level 8.5 Armour
 + Level 5.3 Dodging
 + Level 5.3 Stealth
 + Level 8.5 Shields
 + Level 5.3 Unarmed Combat
 + Level 5.3 Spellcasting
 + Level 4.4 Conjurations
 + Level 4.4 Hexes
 + Level 4.4 Summonings
 + Level 4.4 Necromancy
 + Level 4.4 Translocations
 + Level 4.4 Transmutations
 + Level 4.4 Fire Magic
 + Level 4.4 Ice Magic
 + Level 4.4 Air Magic
 + Level 4.4 Earth Magic
 + Level 4.4 Poison Magic
 + Level 5.9 Invocations
 + Level 5.3 Evocations


You had 19 spell levels left.
You didn't know any spells.
Your spell library contained the following spells:

 Spells                   Type           Power      Damage    Failure   Level
 Magic Dart               Conj           24%        1d4       58%         1
 Necrotise                Necr           24%        1d5       58%         1
 Blink                    Tloc           12%        N/A       73%         2
 Conjure Flame            Conj/Fire      6%         6-21      91%         3
 Ignite Poison            Fire/Tmut/Pois 6%         N/A       91%         3
 Lesser Beckoning         Tloc           6%         N/A       91%         3
 Mephitic Cloud           Conj/Pois/Air  6%         N/A       91%         3
 Vampiric Draining        Necr           6%         2d6       91%         3
 Sticky Flame             Conj/Fire      6%         2d3       100%        4
 Agony                    Necr           6%         N/A       100%        5
 Freezing Cloud           Conj/Ice/Air   3%         6-21      100%        5
 Manifold Assault         Tloc           6%         N/A       100%        5
 Call Imp                 Summ           Unusable   N/A       N/A         2

Dungeon Overview and Level Annotations

Branches:
Dungeon (8/15)             Temple (1/1) D:5           Sewer (visited)
Ossuary (visited)
   Lair: D:8-11

Altars:
Ashenzari
Cheibriados
Dithmenos
Elyvilon
Fedhas
Gozag
Hepliaklqana
Makhleb
Nemelex Xobeh
Okawaru
Qazlal
Ru
Uskayaw
Vehumet
Xom
Yredelemnul
Zin
The Shining One

Shops:
D:2 (

Annotations:
D:7 Joseph


Innate Abilities, Weirdness & Mutations

You have very sharp teeth.
Your uncanny sense of smell can sniff out nearby items.
Your experience applies equally to all skills.
You have large cloven feet.
You have a pair of small horns on your head.
Your muscles are strong. (Str +4, Int/Dex -1)
You occasionally lose the ability to drink potions when taking damage.


Message History

Joseph unwields a +1 sling of freezing.
Joseph wields a +3 vorpal quarterstaff.
You block Joseph's attack.
You closely miss Joseph. Joseph closely misses you.
You barely miss Joseph. You headbutt Joseph. You bite Joseph.
Joseph is lightly wounded.
Joseph hits you with a +3 vorpal quarterstaff!
You feel very mighty all of a sudden. Joseph hits you but does no damage.
You slash Joseph!
Joseph is lightly wounded.
Joseph hits you but does no damage.
You barely miss Joseph. You headbutt Joseph, but do no damage.
Joseph is lightly wounded.
Joseph hits you with a +3 vorpal quarterstaff.
You slash Joseph! Your bite misses Joseph.
Joseph is moderately wounded.
Joseph misses you.
You closely miss Joseph.
Joseph is moderately wounded.
Joseph hits you with a +3 vorpal quarterstaff.
You slash Joseph!
Joseph is moderately wounded.
Joseph hits you with a +3 vorpal quarterstaff!
* * * LOW HITPOINT WARNING * * *
x2 You closely miss Joseph.
You headbutt Joseph!
Joseph is severely wounded.
Joseph hits you with a +3 vorpal quarterstaff!
You feel threatened and lose the ability to drink potions!
* * * LOW HITPOINT WARNING * * *
x2 You cannot drink potions in your current state!
Joseph barely misses you.
As you read the scroll of fog, it crumbles to dust.
The scroll dissolves into smoke.
Joseph hits you with a +3 vorpal quarterstaff.
* * * LOW HITPOINT WARNING * * *
x2
As you read the scroll of teleportation, it crumbles to dust.
You feel strangely unstable. Joseph completely misses you.
Joseph attacks as you move away! Joseph hits you but does no damage.
Joseph hits you with a +3 vorpal quarterstaff!
You die...

......##............ #...##....
#...####..........# .###.#..#....
#......#..........##...#.........
.......................#h.<......
........#....§.§.......†.##......
........##...§§§§§(......##......
.#........[..§§§##.....#######..#
.....#.......§§@#.....# ####
....##.......§§§@..####
#.####...$###.§§§.## ###
##..###..§§### #####.....#
##...## #..# #


You could see Joseph.

Vanquished Creatures
  Pikel (D:6)
  Grinder (D:5)
  Eustachio (D:5)
  Menkaure (Ossuary)
  A steam dragon (D:7)
  Edmund (D:5)
  A water moccasin (D:6)
  Pargi (Sewer)
  2 black bears
  4 ice beasts
  3 sky beasts
  2 orc warriors (D:7)
  3 centaurs (D:6)
  2 lemures (D:6)
  A phantom (D:4)
  A kobold brigand (D:7)
  A bullfrog (D:6)
  3 scorpions
  5 killer bees (D:8)
  2 howler monkeys (D:7)
  A hound (D:5)
  A jelly (D:6)
  5 orc priests
  Crazy Yiuf (D:2)
  2 gnoll boudas
  3 iguanas
  5 orc wizards
  Natasha (thrice) (D:3)
  Terence (D:2)
  4 mummies
  Robin (D:2)
  10 gnolls
  6 adders
  A river rat (D:4)
  A shadow imp (D:7)
  2 ufetubi
  4 worms
  7 dart slugs
  32 orcs
  7 ball pythons
  7 endoplasms
  7 giant cockroaches
  6 hobgoblins
  A jackal (D:1)
  A quokka (D:4)
  6 bats
  6 frilled lizards
  6 gnoll skeletons (Ossuary)
  4 gnoll zombies (Ossuary)
  19 goblins
  3 goblin skeletons (Ossuary)
  4 goblin zombies (Ossuary)
  5 hobgoblin skeletons (Ossuary)
  2 hobgoblin zombies (Ossuary)
  11 kobolds
  2 kobold skeletons (Ossuary)
  6 kobold zombies (Ossuary)
  4 orc skeletons (Ossuary)
  3 orc zombies (Ossuary)
  6 rats
  5 rat skeletons (Ossuary)
  6 rat zombies (Ossuary)
254 creatures vanquished.

Vanquished Creatures (others)
  5 dream sheep (D:4)
  An orc wizard (D:4)
  A plant (D:5)
7 creatures vanquished.

Grand Total: 261 creatures vanquished

Notes
Turn   | Place    | Note
-------+----------+-------------------------------------------
     0 | D:1      | RUZZLEFAZAZZLE the Gnoll Fighter began the quest for the
                  | Orb.
     0 | D:1      | Reached XP level 1. HP: 23/23 MP: 1/1
   103 | D:1      | Found a large runed translucent door.
   103 | D:1      | Found a large runed translucent door.
   328 | D:1      | Reached XP level 2. HP: 23/29 MP: 2/2
  1180 | D:1      | Reached XP level 3. HP: 35/35 MP: 3/3
  1189 | D:1      | Reached skill level 1 in Invocations
  1286 | D:2      | Found a hazy altar of Hepliaklqana.
  1297 | D:2      | Noticed Robin
  1307 | D:2      | Reached skill level 1 in Short Blades
  1307 | D:2      | Reached skill level 1 in Long Blades
  1307 | D:2      | Reached skill level 1 in Maces & Flails
  1307 | D:2      | Reached skill level 1 in Polearms
  1307 | D:2      | Reached skill level 1 in Staves
  1307 | D:2      | Reached skill level 1 in Ranged Weapons
  1307 | D:2      | Reached skill level 1 in Throwing
  1307 | D:2      | Reached skill level 1 in Dodging
  1307 | D:2      | Reached skill level 1 in Stealth
  1307 | D:2      | Reached skill level 1 in Unarmed Combat
  1307 | D:2      | Reached skill level 1 in Spellcasting
  1307 | D:2      | Reached skill level 1 in Evocations
  1310 | D:2      | Killed Robin
  1311 | D:2      | Reached XP level 4. HP: 30/41 MP: 5/5
  1332 | D:2      | Reached skill level 1 in Conjurations
  1332 | D:2      | Reached skill level 1 in Hexes
  1332 | D:2      | Reached skill level 1 in Summonings
  1332 | D:2      | Reached skill level 1 in Necromancy
  1332 | D:2      | Reached skill level 1 in Translocations
  1332 | D:2      | Reached skill level 1 in Transmutations
  1332 | D:2      | Reached skill level 1 in Fire Magic
  1332 | D:2      | Reached skill level 1 in Ice Magic
  1332 | D:2      | Reached skill level 1 in Air Magic
  1332 | D:2      | Reached skill level 1 in Earth Magic
  1332 | D:2      | Reached skill level 1 in Poison Magic
  1634 | D:2      | Noticed Terence
  1640 | D:2      | Killed Terence
  1727 | D:2      | Found Keerirad's Weapon Emporium.
  1798 | D:2      | Reached XP level 5. HP: 35/47 MP: 7/7
  2159 | D:2      | Found a runed translucent door.
  2160 | D:2      | Noticed Crazy Yiuf
  2168 | D:2      | Killed Crazy Yiuf
  2627 | D:3      | Noticed Natasha
  2633 | D:3      | Killed Natasha
  2747 | D:3      | Noticed Natasha
  2763 | D:3      | Killed Natasha
  2764 | D:3      | Reached XP level 6. HP: 46/53 MP: 8/8
  3267 | D:3      | Noticed Natasha
  3275 | D:3      | Killed Natasha
  3276 | D:3      | Reached skill level 5 in Axes
  3719 | D:4      | Found a glowing drain.
  3741 | Sewer    | Entered a sewer
  3802 | Sewer    | Noticed Pargi
  3813 | Sewer    | Killed Pargi
  4051 | D:4      | Found a shadowy altar of Dithmenos.
  4094 | D:4      | Found a blossoming altar of Fedhas.
  4099 | D:4      | Reached XP level 7. HP: 56/60 MP: 10/10
  4368 | D:4      | Noticed a dream sheep
  4368 | D:4      | Noticed a dream sheep
  4368 | D:4      | Noticed a dream sheep
  4368 | D:4      | Noticed a dream sheep
  4368 | D:4      | Noticed a dream sheep
  4368 | D:4      | Found a shimmering altar of Xom.
  4370 | D:4      | Gained mutation: Your skin changes colour to match your
                  | surroundings (Stealth+). [potion of mutation]
  4370 | D:4      | Gained mutation: You are clumsy. (Dex -2) [potion of
                  | mutation]
  4370 | D:4      | Gained mutation: You are somewhat resistant to further
                  | mutation. [potion of mutation]
  4370 | D:4      | Gained mutation: You expend magic power (3 MP) to
                  | strengthen your wands. [potion of mutation]
  4371 | D:4      | Lost mutation: You are somewhat resistant to further
                  | mutation. [potion of mutation]
  4371 | D:4      | Lost mutation: Your skin changes colour to match your
                  | surroundings (Stealth+). [potion of mutation]
  4371 | D:4      | Lost mutation: You are clumsy. (Dex -2) [potion of
                  | mutation]
  4371 | D:4      | Gained mutation: You have hidden genetic defects. [potion
                  | of mutation]
  4371 | D:4      | Gained mutation: Your muscles are strong. (Str +4, Int/Dex
                  | -1) [potion of mutation]
  4371 | D:4      | Killed a dream sheep
  4372 | D:4      | Lost mutation: Your muscles are strong. (Str +4, Int/Dex
                  | -1) [potion of mutation]
  4372 | D:4      | Lost mutation: You expend magic power (3 MP) to strengthen
                  | your wands. [potion of mutation]
  4372 | D:4      | Lost mutation: You have hidden genetic defects. [potion of
                  | mutation]
  4372 | D:4      | Gained mutation: You occasionally lose the ability to drink
                  | potions when taking damage. [potion of mutation]
  4372 | D:4      | Gained mutation: You have hidden genetic potential. [potion
                  | of mutation]
  4372 | D:4      | Gained mutation: You have a pair of small horns on your
                  | head. [potion of mutation]
  4372 | D:4      | Killed a dream sheep
  4373 | D:4      | Killed a dream sheep
  4373 | D:4      | Killed a dream sheep
  4374 | D:4      | Killed a dream sheep
  4564 | D:5      | Entered Level 5 of the Dungeon
  4581 | D:5      | Found an opulent altar of Gozag.
  4618 | D:5      | Identified the +1 robe "Vutamel" {Slay+2}
  4652 | D:5      | Noticed Eustachio
  4691 | D:5      | Killed Eustachio
  4751 | D:5      | Reached XP level 8. HP: 62/67 MP: 12/12
  4795 | D:5      | Found an iron altar of Okawaru.
  4797 | D:5      | Gained mutation: Your muscles are strong. (Str +4, Int/Dex
                  | -1) [hidden potential]
  4805 | D:5      | Became a worshipper of Warmaster Okawaru
  5022 | D:5      | Found a snail-covered altar of Cheibriados.
  5029 | D:5      | Noticed Edmund
  5056 | D:5      | Noticed Grinder
  5468 | D:5      | Killed Edmund
  6090 | D:5      | Killed Grinder
  6090 | D:5      | Reached * piety under Okawaru
  6341 | D:5      | Found a radiant altar of Vehumet.
  6444 | D:5      | Found a staircase to the Ecumenical Temple.
  6458 | Temple   | Entered the Ecumenical Temple
  6733 | D:5      | Found a glowing golden altar of the Shining One.
  6894 | D:6      | Reached XP level 9. HP: 63/73 MP: 13/15
  6971 | D:6      | Gained mutation: You have large cloven feet. [hidden
                  | potential]
  6971 | D:6      | Lost mutation: You have hidden genetic potential. [hidden
                  | potential expressed]
  7639 | D:6      | Noticed Pikel
  7667 | D:6      | Killed Pikel
  7667 | D:6      | Reached ** piety under Okawaru
  7668 | D:6      | Reached skill level 5 in Invocations
  8353 | D:7      | Found a hide-covered altar of Uskayaw.
  8436 | D:7      | Reached skill level 5 in Short Blades
  8436 | D:7      | Reached skill level 5 in Long Blades
  8436 | D:7      | Reached skill level 5 in Maces & Flails
  8436 | D:7      | Reached skill level 5 in Polearms
  8436 | D:7      | Reached skill level 5 in Staves
  8436 | D:7      | Reached skill level 5 in Ranged Weapons
  8436 | D:7      | Reached skill level 5 in Throwing
  8436 | D:7      | Reached skill level 5 in Dodging
  8436 | D:7      | Reached skill level 5 in Stealth
  8436 | D:7      | Reached skill level 5 in Unarmed Combat
  8436 | D:7      | Reached skill level 5 in Spellcasting
  8436 | D:7      | Reached skill level 5 in Evocations
  8436 | D:7      | Reached XP level 10. HP: 50/81 MP: 17/17
  8653 | D:7      | Reached *** piety under Okawaru
  8855 | D:8      | Found a sand-covered staircase.
  8868 | Ossuary  | Entered an ossuary
  9534 | Ossuary  | Noticed Menkaure
  9549 | Ossuary  | Killed Menkaure
 10064 | D:7      | Noticed Joseph
 10137 | D:7      | Found a burning altar of Makhleb.
 10147 | D:7      | Found a glowing silver altar of Zin.
 10148 | D:7      | Noticed an angel
 10148 | D:7      | Noticed a blizzard demon
 10287 | D:7      | HP: 3/82 [Joseph/+3 vorpal quarterstaff (5)]
 10289 | D:7      | HP: 1/82 [Joseph/+3 vorpal quarterstaff (1)]
 10293 | D:7      | Mangled by Joseph

Illustrated notes

Levels and vault maps discovered:
D:1:      erik_arrival_cave_to_civilisation [erik_arrival_cave_to_temple],
          layout_basic
D:2:      layout_rooms, basic_altar, serial_shops, nicolae_lakefront_shop,
          uniq_terence, uniq_crazy_yiuf_cottage, uniq_robin
D:3:      layout_basic, uniq_natasha
D:4:      layout_rooms, kb_xom_exploding_sheep,
          mainiacjoe_overflow_tiny_flanked, lemuel_crystal_altar,
          gup_sewer_entry_bubbles, chequers_serial_rivers_micro_d,
          solitary_fountain
D:5:      dreamdust_elfheim, layout_rooms, nicolae_vehumet_radiance,
          old_standard_altar, grunt_gozag_breadcrumbs, kennysheep_slug_shrine,
          tso_altar, minmay_temple_entry_offerings, minivault_14,
          serial_bayou_pond_d, uniq_eustachio, uniq_grinder, uniq_edmund
D:6:      layout_cave_pools, uniq_pikel
D:7:      layout_cave_pools, amcnicky_altar_gilded,
          grunt_temple_overflow_order_and_chaos_2, uniq_joseph
D:8:      layout_cave_pools, nzn_wu_jian_contemplation, kiku_gazebo_pond_becter,
          gammafunk_ghost_necromancy, gup_ossuary_entry_pyramid,
          hangedman_minor_gate_pass, uniq_maurice
Temple:   nicolae_temple_bog_church

Skill      XL: |  1  2  3  4  5  6  7  8  9 10 |
---------------+-------------------------------+-----
Invocations    | 1 2 3 4 5 |  5.9
Short Blades   | 1 2 3 4 5 |  5.3
Long Blades    | 1 2 3 4 5 |  5.3
Maces & Flails | 1 2 3 4 5 |  5.3
Polearms       | 1 2 3 4 5 |  5.3
Staves         | 1 2 3 4 5 |  5.3
Ranged Weapons | 1 2 3 4 5 |  5.3
Throwing       | 1 2 3 4 5 |  5.3
Dodging        | 1 2 3 4 5 |  5.3
Stealth        | 1 2 3 4 5 |  5.3
Unarmed Combat | 1 2 3 4 5 |  5.3
Spellcasting   | 1 2 3 4 5 |  5.3
Evocations     | 1 2 3 4 5 |  5.3
Conjurations   | 1 2 3 4 |  4.4
Hexes          | 1 2 3 4 |  4.4
Summonings     | 1 2 3 4 |  4.4
Necromancy     | 1 2 3 4 |  4.4
Translocations | 1 2 3 4 |  4.4
Transmutations | 1 2 3 4 |  4.4
Fire Magic     | 1 2 3 4 |  4.4
Ice Magic      | 1 2 3 4 |  4.4
Air Magic      | 1 2 3 4 |  4.4
Earth Magic    | 1 2 3 4 |  4.4
Poison Magic   | 1 2 3 4 |  4.4
Axes           | 5 6 7 |  7.1
Fighting       | 7 8 |  8.5
Armour         | 7 8 |  8.5
Shields        | 7 8 |  8.5

Action                   |  1- 3 |  4- 6 |  7- 9 | 10-12 || total
-------------------------+-------+-------+-------+-------++-------
Melee: War axe           |    80 |    28 |       |       ||   108
       Bite              |     4 |    26 |    44 |    22 ||    96
       Hand axe          |       |   228 |   403 |   234 ||   865
       Headbutt          |       |       |    78 |    52 ||   130
Throw: Javelin           |       |       |       |    21 ||    21
Evoke: Wand              |       |       |    10 |       ||    10
  Use: Scroll            |     1 |    10 |     8 |     7 ||    26
       Potion            |     1 |     4 |    11 |     6 ||    22
 Stab: Invisible         |       |       |    21 |       ||    21
Armor: Scale mail        |    42 |    99 |   189 |       ||   330
       Skin              |       |    19 |    12 |    77 ||   108
       Chain mail        |       |       |    30 |    69 ||    99
       Plate armour      |       |       |       |     3 ||     3
Dodge: Dodged            |    34 |    97 |   256 |   130 ||   517
Block: Buckler           |    26 |    63 |   138 |    81 ||   308
